AoeStats
← Daniel

Fortress

507948930Analyzed
2v2 RM · 12d ago on Sep 20, 2026· 35m 23s· 4 players
Game mode
Random Map
Map size
Normal (6 player)
Population
200
Speed
Normal
Resources
Standard
Victory
Conquest
Starting age
Dark Age
Ending age
Imperial Age
RankedLock teamsTeams togetherTeam positionsShared explorationLock speedFull tech treeHidden civsTurbo modeCheats
Victory
Defeat
🇻🇳 Burgundians · Vietnam
1057
+11
🇩🇪 Saracens · Germany
993
+15
🇩🇪 Franks · Germany
953
-13
🇩🇪 Persians · Germany
953
-13
Der Wieland
7:43 Feudal Age
11:46 Castle Age
10:18 Horse Collar
11:20 Double-Bit Axe
19:30 Wheelbarrow
19:20 Heavy Plow
20:15 Bow Saw
27:28 Imperial Age
25:59 Hand Cart
27:18 Bimaristan
27:18 Scale Mail Armor
27:28 Forging
27:36 Scale Barding Armor
28:09 Gold Mining
28:09 Stone Mining
29:26 Two-Man Saw
28:26 Elite Mameluke
29:30 Scale Mail Armor
29:53 Chain Barding Armor
29:45 Bloodlines
30:20 Gold Shaft Mining
31:29 Conscription
31:21 Fletching
33:40 Iron Casting
33:01 Bodkin Arrow
32:31 Light Cavalry
34:46 Plate Barding Armor
34:12 Padded Archer Armor
35:31 Bracer
36:31 Blast Furnace
35:13 Hussar
Daniel
3:54 Double-Bit Axe
4:33 Horse Collar
7:24 Feudal Age
11:47 Castle Age
12:30 Wheelbarrow
13:00 Bow Saw
14:40 Heavy Plow
17:19 Loom
20:10 Hand Cart
23:37 Imperial Age
21:05 Stone Mining
21:08 Gold Mining
22:35 Squires
21:56 Pikeman
22:38 Scale Mail Armor
22:49 Forging
24:24 Crop Rotation
24:57 Two-Man Saw
24:35 Gold Shaft Mining
25:25 Iron Casting
25:58 Conscription
27:31 Blast Furnace
28:29 Chain Mail Armor
27:39 Halberdier
29:30 Cavalier
30:10 Husbandry
30:42 Plate Mail Armor
30:18 Scale Barding Armor
31:09 Paladin
freez
8:03 Feudal Age
8:23 Horse Collar
8:30 Double-Bit Axe
10:37 Loom
11:01 Fletching
15:08 Castle Age
15:35 Bodkin Arrow
15:43 Padded Archer Armor
20:58 Wheelbarrow
20:09 Town Watch
21:27 Leather Archer Armor
21:58 Thumb Ring
22:19 Parthian Tactics
24:35 Hand Cart
24:25 Town Patrol
29:13 Imperial Age
27:18 Scale Barding Armor
28:05 Bow Saw
29:09 Caravan
30:56 Chemistry
30:59 Ring Archer Armor
31:43 Ballistics
34:49 Pikeman
35:30 Squires
Snoop Doggy Dogg 熊猫
8:01 Feudal Age
8:44 Double-Bit Axe
10:21 Loom
11:56 Man-at-Arms
16:55 Castle Age
17:09 Wheelbarrow
19:14 Hand Cart
20:36 Bow Saw
20:38 Town Watch
21:50 Fletching
23:28 Padded Archer Armor
23:59 Crossbowman
25:15 Bodkin Arrow
26:36 Leather Archer Armor
32:05 Imperial Age
30:23 Ballistics
32:02 Gold Mining
32:03 Stone Mining
32:47 #83
32:33 Squires
32:19 Arson
32:48 Forging
32:38 Scale Mail Armor
Connection lost

Rejoining the realm…

Still unreachable

The connection could not be restored.

Session expired

The server has moved on; the page needs a fresh start.